AoeStats
← Ndrangheta

Lombardia

509746002Analyzed
2v2 RM · 5d ago on Sep 27, 2026· 50m 56s· 4 players
Game mode
Random Map
Map size
Medium (4 player)
Population
200
Speed
Normal
Resources
Standard
Victory
Conquest
Starting age
Dark Age
Ending age
Imperial Age
RankedLock teamsTeams togetherTeam positionsShared explorationLock speedFull tech treeHidden civsTurbo modeCheats
Victory
Defeat
🇺🇸 Persians · United States
1293
+15
🇺🇸 Mongols · United States
1291
+15
🇦🇷 Persians · Argentina
1325
-17
🇦🇷 Poles · Argentina
1229
-13
Kung Führer
8:48 Loom
11:10 Feudal Age
11:45 Horse Collar
11:51 Double-Bit Axe
19:27 Castle Age
21:11 Heavy Plow
21:22 Bow Saw
22:33 Pikeman
23:19 Scale Mail Armor
23:30 Forging
25:18 Chain Mail Armor
34:10 Wheelbarrow
34:13 Szlachta Privileges
35:09 Iron Casting
35:14 Scale Barding Armor
35:48 Bloodlines
35:38 Husbandry
40:09 Imperial Age
38:37 Fortified Wall
40:12 Chain Barding Armor
40:23 Cavalier
42:06 Blast Furnace
43:40 Fletching
47:08 Gold Mining
48:36 Crop Rotation
48:46 Conscription
Ndrangheta
8:32 Loom
10:19 Feudal Age
8:43 Loom
10:29 Feudal Age
15:15 Castle Age
15:40 Gold Mining
18:02 Double-Bit Axe
20:52 Fletching
24:43 Bodkin Arrow
30:54 Ballistics
31:05 Parthian Tactics
33:13 Padded Archer Armor
34:57 Bloodlines
36:19 Padded Archer Armor
37:41 Thumb Ring
40:16 Leather Archer Armor
TheASSman
6:56 Loom
9:21 Feudal Age
9:47 Double-Bit Axe
18:27 Castle Age
16:24 Horse Collar
17:30 Forging
17:45 Bloodlines
19:01 Wheelbarrow
19:20 Scale Barding Armor
21:43 Husbandry
25:29 Iron Casting
28:33 Chain Barding Armor
32:44 Imperial Age
32:38 Hand Cart
33:11 Cavalier
35:35 Savar
36:58 Bow Saw
42:39 Conscription
47:39 Heavy Plow
47:11 Pikeman
47:52 Squires
47:51 Gold Mining
48:07 Light Cavalry
49:29 Crop Rotation
49:36 Hussar
Foghorn Leghorn
8:11 Feudal Age
7:34 Loom
9:08 Double-Bit Axe
10:05 Horse Collar
18:36 Castle Age
17:57 Fletching
18:08 Padded Archer Armor
19:27 Bodkin Arrow
19:37 Husbandry
22:11 Ballistics
22:19 Gold Mining
29:52 Bloodlines
29:48 Thumb Ring
31:02 Stone Mining
33:53 Wheelbarrow
35:36 Leather Archer Armor
38:00 Imperial Age
35:48 Hand Cart
36:51 Scale Barding Armor
37:07 Bow Saw
37:30 Forging
36:54 Light Cavalry
38:46 Bracer
39:21 Chain Barding Armor
39:57 Parthian Tactics
40:19 Heavy Cavalry Archer
41:35 Iron Casting
44:13 Hussar
45:54 Blast Furnace
50:56 Conscription
Connection lost

Rejoining the realm…

Still unreachable

The connection could not be restored.

Session expired

The server has moved on; the page needs a fresh start.